 Dungeon Sprint DCSS version 0.23.2-30-g0e89c35649 (webtiles) character file.

Game seed: 9401011969068191539

13400000 Aldia the Axe Maniac (level 27, -18/273 HPs)
             Began as a Ghoul Warper on June 14, 2019.
             Was the Champion of Makhleb.
             Demolished by a destroyer
             ... wielding a +9 great sword of slicing
              (45 damage)
             ... in the Dungeon (Sprint VIII: "Arena of Blood").
             The game lasted 00:04:11 (134 turns).

Aldia the Axe Maniac (Ghoul Warper)                  Turns: 134, Time: 00:04:11

Health: -18/273    AC:  6    Str: 19    XL:     27
Magic:  48/53      EV: 32    Int:  8    God:    Makhleb [******]
Gold:   0          SH:  0    Dex: 17    Spells: 80/80 levels left

rFire    + . .     SeeInvis .   b - +∞ Axe of Woe
rCold    + . .     Gourm    .   (shield currently unavailable)
rNeg     + + +     Faith    .   a - +0 leather armour
rPois    ∞         Spirit   .   (no helmet)
rElec    .         Reflect  .   (no cloak)
rCorr    .         Harm     .   (no gloves)
MR       ++...     NoTele   +   (no boots)
Stlth    +++++++++.             (no amulet)
HPRegen  0.00/turn              k - ring of protection from fire
MPRegen  0.33/turn              (no ring)

@: marked, very slightly contaminated, rotting
A: rotting body, claws 1, carnivore, cold resistance 1, negative energy
resistance 3, inhibited regeneration, torment resistance, unbreathing
a: Minor Destruction, Lesser Servant of Makhleb, Major Destruction, Greater
Servant of Makhleb, Renounce Religion


You were in the Dungeon.
You worshipped Makhleb.
Makhleb was exalted by your worship.
You were not hungry.

You visited 1 branch

Inventory:

Hand Weapons
 b - the +∞ Axe of Woe (weapon)
   (You found it in the Dungeon)
Missiles
 d - 5 tomahawks of dispersal (quivered)
Armour
 a - a +0 leather armour (worn)
Jewellery
 k - a ring of protection from fire (left claw)
Scrolls
 c - a scroll of blinking
Potions
 e - a potion of curing
 g - a potion of heal wounds
 h - a potion of haste
 i - 2 potions of magic
 j - a potion of berserk rage
Comestibles
 f - a ration


   Skills:
 O Level 27 Fighting
 O Level 27 Axes
 O Level 27 Throwing
 O Level 27 Armour
 O Level 27 Dodging
 O Level 27 Stealth
 O Level 27 Unarmed Combat
 O Level 27 Spellcasting
   Level 2.6 Translocations
 O Level 27 Invocations


You had 80 spell levels left.
You didn't know any spells.
Your spell library contained the following spells:

 Spells                   Type           Power        Failure   Level  Hunger
 Blink                    Tloc           N/A          1%          2    None
 Shroud of Golubria       Chrm/Tloc      ##........   2%          2    None
 Gell's Gravitas          Tloc           ###.......   3%          3    None
 Lesser Beckoning         Tloc           ###.......   3%          3    None
 Teleport Other           Tloc           ###.....     3%          3    None
 Passage of Golubria      Tloc           N/A          10%         4    ##.....


Dungeon Overview and Level Annotations

Branches:
Dungeon (1/1)

Altars:
Makhleb


Innate Abilities, Weirdness & Mutations

Your body is rotting away.
You thrive on raw meat.
You are immune to poison.
You have sharp fingernails.
You are carnivorous and can eat meat at any time.
Your flesh is cold resistant. (rC+)
You are immune to negative energy. (rN+++)
You do not regenerate when monsters are visible.
You are immune to unholy pain and torment.
You can survive without breathing.


Message History

A meat berserker comes into view. It is wielding a +9 battleaxe.
The meat beast growls, "Thy throat shall be my snacklet!"
An accursed comes into view.
A bag of meat comes into view. It is wielding a +9 war axe.
The meat berserker is engulfed in blazing flames.
The meat berserker rages.
The bag of meat hits you with a +9 war axe!!
You hear a shout!
The meat beast is engulfed in blazing flames.
You hear a shout!
The dread is engulfed in blazing flames.
The scourge throws poison arrow at you. The poison arrow misses you.
The poison arrow hits the meat berserker!!!
The meat berserker looks as sick as possible!
The destroyer is engulfed in blazing flames.
The destroyer hits you with a +9 great sword of slicing!!!!!
Ouch! That really hurt!
* * * LOW HITPOINT WARNING * * *
You die...

################
####xoOoO2O@S%...%.
####..))2)O2WoV%......
###.D.D.x)))o##§##.#####
......)o.DOOOooo...W.
.X..D)####{.2O.##.##...
°X..x#.XOO.ozpz..Mo.....
§)o2D2#Oo.OzOoo..#§#....


X..)..#2OOOLMoOM.o.o .. X###..o#.oX..M..Moo You could see an accursed, 3 meat
beasts, a tyrant, an eight-headed meat hydra, a destroyer, a scourge, a
fleshlord, 3 sculptors of flesh, 2 large bags of meat, 2 dreads, 8 meat
berserkers, a small abomination and 9 bags of meat.

Vanquished Creatures
  Sigmund (D)
  16 hell beasts (D)
  4 greater mummies (D)
  7 great orbs of eyes (D)
  Harold (D)
  16 vampire knights (D)
  48 ogres (D)
  11 two-headed ogres (D)
  5 liches (D)
  2 hydras (D)
  100 orcs (D)
  5 phantoms (D)
  5 skeletal warriors (D)
  5 sea snakes (D)
  4 large abominations (D)
  10 small abominations (D)
  9 crawling corpses (D)
249 creatures vanquished.

Vanquished Creatures (others)
  9 crawling corpses (D)
9 creatures vanquished.

Grand Total: 258 creatures vanquished

Notes
Turn   | Place    | Note
-------+----------+-------------------------------------------
     0 | D        | Found the +∞ Axe of Woe
     0 | D        | Aldia the Ghoul Warper began the quest for the Orb.
     0 | D        | Reached XP level 1. HP: 17/17 MP: 2/2
     0 | D        | Noticed a bag of meat
     2 | D        | Noticed a bag of meat
     3 | D        | Noticed a meat berserker
     3 | D        | Noticed a bag of meat
     4 | D        | Became a worshipper of Makhleb the Destroyer
     4 | D        | Noticed a bag of meat
     4 | D        | Noticed a bag of meat
     6 | D        | Noticed a meat berserker
     7 | D        | Killed a meat berserker
     7 | D        | Reached skill level 15 in Dodging
     7 | D        | Reached XP level 2. HP: 52/52 MP: 3/3
     7 | D        | Reached XP level 3. HP: 59/59 MP: 4/4
     7 | D        | Reached XP level 4. HP: 68/68 MP: 5/5
     7 | D        | Reached XP level 5. HP: 74/74 MP: 6/6
     7 | D        | Reached XP level 6. HP: 82/82 MP: 7/7
     7 | D        | Reached XP level 7. HP: 90/90 MP: 8/8
     7 | D        | Reached XP level 8. HP: 97/97 MP: 9/9
     7 | D        | Reached XP level 9. HP: 104/104 MP: 10/10
     7 | D        | Reached XP level 10. HP: 112/112 MP: 11/11
     7 | D        | Reached XP level 11. HP: 119/119 MP: 12/12
     7 | D        | Reached XP level 12. HP: 127/127 MP: 13/13
     7 | D        | Reached XP level 13. HP: 134/134 MP: 14/14
     8 | D        | Killed a bag of meat
     8 | D        | Reached * piety under Makhleb
     8 | D        | Reached XP level 14. HP: 146/146 MP: 15/15
     8 | D        | Killed a meat berserker
     8 | D        | Reached XP level 15. HP: 160/160 MP: 16/16
     8 | D        | Noticed a meat berserker
     9 | D        | Reached ** piety under Makhleb
     9 | D        | Reached XP level 16. HP: 172/172 MP: 17/17
    10 | D        | Reached skill level 27 in Axes
    13 | D        | Killed a meat berserker
    13 | D        | Reached skill level 27 in Fighting
    13 | D        | Reached XP level 17. HP: 191/191 MP: 18/18
    14 | D        | Reached *** piety under Makhleb
    14 | D        | Reached skill level 27 in Dodging
    14 | D        | Noticed a meat berserker
    16 | D        | Noticed a meat berserker
    17 | D        | Noticed a meat berserker
    17 | D        | Noticed a meat berserker
    17 | D        | Noticed a meat berserker
    18 | D        | Noticed a meat berserker
    18 | D        | Reached skill level 10 in Armour
    18 | D        | Reached skill level 15 in Invocations
    18 | D        | Reached XP level 18. HP: 200/200 MP: 18/28
    18 | D        | Reached **** piety under Makhleb
    19 | D        | Noticed a meat berserker
    19 | D        | Noticed a meat berserker
    19 | D        | Noticed a large bag of meat
    21 | D        | Noticed a meat berserker
    21 | D        | Killed a meat berserker
    21 | D        | Killed a meat berserker
    21 | D        | Reached XP level 19. HP: 207/207 MP: 19/35
    21 | D        | Noticed a meat berserker
    21 | D        | Noticed a meat berserker
    22 | D        | Noticed a meat berserker
    22 | D        | Noticed a large bag of meat
    23 | D        | Killed a meat berserker
    23 | D        | Reached skill level 27 in Invocations
    23 | D        | Killed a meat berserker
    23 | D        | Reached skill level 27 in Armour
    23 | D        | Reached XP level 20. HP: 204/216 MP: 19/36
    23 | D        | Reached ***** piety under Makhleb
    23 | D        | Noticed a meat berserker
    24 | D        | Killed a meat berserker
    24 | D        | Killed a meat berserker
    24 | D        | Reached skill level 27 in Stealth
    24 | D        | Reached XP level 21. HP: 224/224 MP: 19/45
    25 | D        | Killed a meat berserker
    25 | D        | Reached skill level 27 in Spellcasting
    25 | D        | Reached skill level 10 in Throwing
    25 | D        | Noticed a destroyer
    25 | D        | Noticed a large bag of meat
    26 | D        | Killed a meat berserker
    26 | D        | Reached XP level 22. HP: 233/233 MP: 20/52
    26 | D        | Noticed a large bag of meat
    28 | D        | Killed a large bag of meat
    28 | D        | Reached ****** piety under Makhleb
    28 | D        | Reached skill level 27 in Unarmed Combat
    28 | D        | Reached XP level 23. HP: 240/240 MP: 20/53
    28 | D        | Reached skill level 27 in Throwing
    29 | D        | Noticed a destroyer
    30 | D        | Reached XP level 24. HP: 249/249 MP: 21/53
    30 | D        | Killed a large bag of meat
    30 | D        | Noticed a destroyer
    31 | D        | Noticed a large bag of meat
    31 | D        | Noticed a large bag of meat
    31 | D        | Noticed a large bag of meat
    33 | D        | Reached XP level 25. HP: 104/257 MP: 22/53
    33 | D        | Killed a destroyer
    33 | D        | Reached XP level 26. HP: 266/266 MP: 22/53
    34 | D        | Killed a destroyer
    34 | D        | Reached XP level 27. HP: 273/273 MP: 22/53
    35 | D        | Noticed a destroyer
    36 | D        | Killed a destroyer
    37 | D        | Noticed a large bag of meat
    38 | D        | Noticed a destroyer
    38 | D        | Killed a large bag of meat
    39 | D        | Noticed a destroyer
    40 | D        | Killed a large bag of meat
    41 | D        | Killed a large bag of meat
    43 | D        | Killed a destroyer
    43 | D        | Killed a destroyer
    43 | D        | Noticed a destroyer
    45 | D        | Noticed a tyrant
    45 | D        | Killed a large bag of meat
    45 | D        | Noticed a destroyer
    47 | D        | Killed a large bag of meat
    47 | D        | Killed a destroyer
    49 | D        | Noticed a destroyer
    54 | D        | Noticed a destroyer
    54 | D        | Killed a destroyer
    54 | D        | Killed a destroyer
    56 | D        | Noticed The Servant
    56 | D        | Noticed an accursed
    56 | D        | Killed a destroyer
    56 | D        | Noticed an accursed
    56 | D        | Noticed a large bag of meat
    58 | D        | Noticed a meat beast
    60 | D        | Killed a tyrant
    60 | D        | Killed a large bag of meat
    61 | D        | Killed a destroyer
    66 | D        | Killed a meat beast
    70 | D        | Noticed a meat beast
    71 | D        | Killed a large bag of meat
    71 | D        | Killed The Servant
    71 | D        | Killed an accursed
    73 | D        | Killed a meat beast
    77 | D        | Noticed an accursed
    81 | D        | Noticed a meat beast
    81 | D        | Noticed a meat beast
    81 | D        | Noticed a tyrant
    82 | D        | Killed an accursed
    82 | D        | Noticed a meat beast
    82 | D        | Noticed a meat beast
    84 | D        | Killed a meat beast
    84 | D        | Killed a meat beast
    84 | D        | Noticed The Captor
    85 | D        | Killed a meat beast
    86 | D        | Killed a meat beast
    87 | D        | Noticed a tyrant
    87 | D        | Noticed a tyrant
    91 | D        | Noticed a meat beast
    91 | D        | Noticed a meat beast
    91 | D        | Noticed a meat beast
    91 | D        | Noticed a meat beast
    92 | D        | Noticed a destroyer
    92 | D        | Noticed an accursed
    94 | D        | Killed The Captor
    95 | D        | Killed a meat beast
    95 | D        | Killed a meat beast
    95 | D        | Noticed a large bag of meat
    96 | D        | Noticed a meat beast
    96 | D        | Noticed a tyrant
    97 | D        | Killed a meat beast
    97 | D        | Killed a destroyer
    98 | D        | Killed a meat beast
   100 | D        | Killed a tyrant
   100 | D        | Killed a tyrant
   100 | D        | Noticed a large bag of meat
   101 | D        | Killed a meat beast
   102 | D        | Noticed an accursed
   103 | D        | Killed a large bag of meat
   103 | D        | Noticed a meat beast
   104 | D        | Killed a tyrant
   105 | D        | Noticed a meat beast
   105 | D        | Noticed an accursed
   106 | D        | Killed an accursed
   108 | D        | Noticed a meat beast
   109 | D        | Killed a meat beast
   109 | D        | Noticed a meat beast
   109 | D        | Noticed a meat beast
   110 | D        | Noticed a tyrant
   112 | D        | Noticed a meat beast
   114 | D        | Killed a meat beast
   116 | D        | Noticed an accursed
   118 | D        | Killed a tyrant
   119 | D        | Noticed a large bag of meat
   119 | D        | Noticed an accursed
   120 | D        | Noticed a destroyer
   120 | D        | Noticed a meat beast
   120 | D        | Noticed a destroyer
   121 | D        | Noticed a destroyer
   121 | D        | Noticed a large bag of meat
   122 | D        | Killed a destroyer
   122 | D        | Noticed a destroyer
   122 | D        | Noticed an accursed
   122 | D        | Noticed a destroyer
   123 | D        | Killed a destroyer
   123 | D        | Killed a destroyer
   124 | D        | Noticed an accursed
   124 | D        | Noticed a meat beast
   124 | D        | Noticed a tyrant
   125 | D        | Noticed a destroyer
   125 | D        | Killed a meat beast
   125 | D        | Killed a destroyer
   125 | D        | Killed a meat beast
   125 | D        | Killed an accursed
   125 | D        | Noticed a fleshlord
   128 | D        | Noticed a dread
   131 | D        | Killed a destroyer
   132 | D        | Noticed a dread
   132 | D        | Killed a meat beast
   132 | D        | Noticed a large bag of meat
   133 | D        | Noticed a meat beast
   133 | D        | Killed a large bag of meat
   134 | D        | Noticed an accursed
   134 | D        | Demolished by a destroyer

Skill      XL: |  1  2  3  4  5  6  7  8  9 10 11 12 13 14 15 16 17 18 19 20 21 22 23 |
---------------+----------------------------------------------------------------------+-----
Fighting       | 18 19 21 23 27 | 27.0
Axes           | 20 22 24 26 27 | 27.0
Dodging        | 15 16 19 20 25 27 | 27.0
Armour         | 13 22 27 | 27.0
Invocations    | 15 26 27 | 27.0
Stealth        | 16 27 | 27.0
Spellcasting   | 12 21 27 | 27.0
Throwing       | 16 24 27 | 27.0
Unarmed Combat | 18 27 | 27.0
Translocations | |  2.6

Action                   |  1- 3 |  4- 6 |  7- 9 | 10-12 | 13-15 | 16-18 | 19-21 | 22-24 | 25-27 || total
-------------------------+-------+-------+-------+-------+-------+-------+-------+-------+-------++-------
Melee: Executioner's axe |     1 |       |       |       |     2 |     5 |     4 |     3 |    68 ||    83
  Use: Scroll            |       |       |       |       |       |       |       |       |     1 ||     1
Armor: Leather armour    |       |       |       |       |       |       |       |     1 |     4 ||     5
Dodge: Dodged            |       |       |       |       |       |     2 |       |     1 |    19 ||    22
